 Dungeon Crawl Stone Soup version 0.31-a0-1476-g8a4046af8c (webtiles) character file.

Game seed: 1658767203587960625

305413 seandewar5 the Slayer (level 21, -4/203 (245) HPs)
             Began as an Oni Chaos Knight on Dec 29, 2023.
             Was a Follower of Uskayaw.
             Killed from afar by a servant of whispers (41 damage)
             ... with a bolt of lightning
             ... in the Desolation of Salt.
             The game lasted 03:20:46 (50470 turns).

seandewar5 the Slayer (Oni Chaos Knight)           Turns: 50470, Time: 03:20:47

HP:   -4/203 (245)  AC: 18    Str: 35    XL:     21   Next: 13%
MP:   15/23         EV: 13    Int: 13    God:    Uskayaw [*.....]
Gold: 2189          SH: 25    Dex: 11    Spells: 20/20 levels left

rFire   + . .        a - +8 mithril axe "Arga" {speed, Will+}
rCold   + . .        d - +5 kite shield "Daorewn" {Str+7 Int-5}
rNeg    . . .        G - +3 troll leather armour
rPois   +            O - +0 mask of the Dragon {Will+ Slay+3 SInv}
rElec   .            H - +2 cloak {Will+}
rCorr   .            (gloves unavailable)
SInv    +            (boots unavailable)
Will    +++++        o - amulet of reflection
Stlth   +++++        Y - ring of protection from cold
HPRegen 1.33/turn    X - ring "Omemar" {rPois rF+ Str-5 Int+2 Dex+3}
MPRegen 0.18/turn

%: reflection
@: mighty, hasted, heavily drained, very quick
A: large, unfitting armour, horns 2, tough skin 1, double potion healing,
drunken brawling, iridescent scales 3, large bone plates 1, thin skeletal
structure 1, clever 1, low MP 1, strong 1, inability to read after injury 1,
sturdy frame 1
}: 2/15 runes: decaying, serpentine
a: Renounce Religion, Stomp


You were in the Desolation of Salt.
You worshipped Uskayaw.
Uskayaw was noncommittal.
You visited 7 branches of the dungeon, and saw 34 of its levels.
You also visited: Bailey, Gauntlet and Desolation.

You collected 4782 gold pieces.
You spent 2593 gold pieces at shops.

Inventory:

Hand Weapons
 a - the +8 mithril axe "Arga" (weapon) {speed, Will+}
   (You found it on level 11 of the Dungeon)

   Will+:     It increases your willpower.
 b - a +9 eveningstar of flaming
Missiles
 B - 20 boomerangs
 F - 4 throwing nets {!f}
 S - 13 large rocks (quivered)
 Z - 8 silver javelins
Armour
 d - the +5 kite shield "Daorewn" (worn) {Str+7 Int-5}
   (You found it on level 2 of the Dungeon)

   Str+7:     It affects your strength (+7).
   Int-5:     It affects your intelligence (-5).
 z - a +0 tower shield
 G - a +3 troll leather armour (worn)
 H - a +2 cloak of willpower (worn)
 O - the +0 mask of the Dragon (worn) {Will+ Slay+3 SInv}
   (You found it in the Desolation of Salt)

   Slay+3:    It affects your accuracy & damage with ranged weapons and melee
   (+3).
   Will+:     It increases your willpower.
   SInv:      It lets you see invisible.
 W - a scarf of resistance
Jewellery
 o - an amulet of reflection (around neck)
 P - a ring of resist corrosion
 R - the amulet of Wulo {Spirit Str+2}
   (You found it in the Desolation of Salt)

   [amulet of guardian spirit]

   Spirit:    It causes incoming damage to be divided between your reserves of
   health and magic.
   Str+2:     It affects your strength (+2).
 U - the ring of the Barracuda {rElec rF+ Str-5 Int+3}
   (You found it in the Desolation of Salt)

   [ring of protection from fire]

   Str-5:     It affects your strength (-5).
   Int+3:     It affects your intelligence (+3).
   rF+:       It protects you from fire.
   rElec:     It insulates you from electricity.
 X - the ring "Omemar" (right hand) {rPois rF+ Str-5 Int+2 Dex+3}
   (You found it in a Gauntlet)

   [ring of poison resistance]

   Str-5:     It affects your strength (-5).
   Int+2:     It affects your intelligence (+2).
   Dex+3:     It affects your dexterity (+3).
   rF+:       It protects you from fire.
   rPois:     It protects you from poison
 Y - a ring of protection from cold (left hand)
Wands
 m - a wand of mindburst (7)
 p - a wand of digging (12)
 u - a wand of polymorph (31)
 L - a wand of acid (26)
 N - a wand of roots (10)
 V - a wand of charming (20)
Scrolls
 c - 3 scrolls of butterflies
 e - a scroll of poison
 g - 5 scrolls of enchant weapon
 h - 7 scrolls of immolation
 i - 7 scrolls of blinking
 l - 8 scrolls of teleportation
 n - a scroll of enchant armour
 q - 6 scrolls of vulnerability
 r - 5 scrolls of brand weapon
 s - 2 scrolls of silence
 w - 2 scrolls of fear
 x - 2 scrolls of torment
 A - 7 scrolls of fog
 T - 2 scrolls of revelation
Potions
 f - 3 potions of attraction
 j - 5 potions of heal wounds
 k - 8 potions of curing
 t - 5 potions of lignification {!q}
 y - 3 potions of cancellation {!q}
 C - 5 potions of enlightenment
 D - 4 potions of magic
 E - 5 potions of haste
 I - 2 potions of might
 J - 4 potions of resistance
 M - 3 potions of berserk rage {!q}
 Q - 3 potions of ambrosia {!q}
Miscellaneous
 v - a lightning rod (4/4)
 K - a box of beasts


   Skills:
 - Level 22.0 Fighting
 - Level 16.5(18.0) Axes
 - Level 12.3(16.0) Maces & Flails
 - Level 10.0 Throwing
 - Level 12.0 Armour
 - Level 11.1 Dodging
 - Level 8.0 Stealth
 - Level 12.0 Shields
 * Level 7.0 Invocations
 - Level 8.2 Evocations


You had 20 spell levels left.
You didn't know any spells.
Your spell library contained the following spells:

 Spells                   Type           Power      Damage    Failure   Level
 Freeze                   Ice            0%         1d3       41%         1
 Necrotise                Necr           0%         1d4       41%         1
 Slow                     Hex            0%         N/A       41%         1
 Summon Small Mammal      Summ           0%         N/A       41%         1
 Ensorcelled Hibernation  Hex/Ice        0%         N/A       56%         2
 Call Canine Familiar     Summ           0%         N/A       80%         3
 Confusing Touch          Hex            0%         N/A       80%         3
 Frozen Ramparts          Ice            0%         1d1       80%         3
 Fugue of the Fallen      Necr           0%         N/A       80%         3
 Gell's Gravitas          Tloc           0%         N/A       80%         3
 Hailstorm                Conj/Ice       0%         3d5       80%         3
 Ozocubu's Armour         Ice            0%         N/A       80%         3
 Sigil of Binding         Hex            0%         N/A       80%         3
 Teleport Other           Tloc           0%         N/A       80%         3
 Tukima's Dance           Hex            0%         N/A       80%         3
 Vampiric Draining        Necr           0%         2d6       80%         3
 Anguish                  Hex/Necr       0%         N/A       99%         4
 Dimensional Bullseye     Hex/Tloc       0%         N/A       99%         4
 Iskenderun's Mystic Bla  Conj/Tloc      0%         2d3       99%         4
 Leda's Liquefaction      Alch/Erth      0%         N/A       99%         4
 Manifold Assault         Tloc           0%         N/A       99%         4
 Martyr's Knell           Necr/Summ      0%         N/A       99%         4
 Passage of Golubria      Tloc           0%         N/A       99%         4
 Summon Blazeheart Golem  Fire/Summ      0%         N/A       99%         4
 Borgnjor's Vile Clutch   Necr/Erth      0%         N/A       100%        5
 Curse of Agony           Necr           0%         N/A       100%        5
 Lee's Rapid Deconstruct  Erth           0%         3d4*      100%        5
 Summon Forest            Summ/Tloc      0%         N/A       100%        5
 Summon Mana Viper        Hex/Summ       0%         N/A       100%        5
 Yara's Violent Unravell  Hex/Alch       0%         3d3       100%        5
 Bombard                  Conj/Erth      0%         9d1       100%        6
 Dispersal                Tloc           0%         N/A       100%        6
 Sculpt Simulacrum        Ice/Alch       0%         N/A       100%        6
 Summon Cactus Giant      Summ           0%         N/A       100%        6
 Ozocubu's Refrigeration  Ice            0%         4d7       100%        7
 Polar Vortex             Ice            0%         N/A       100%        9


Dungeon Overview and Level Annotations

Branches:
Dungeon (15/15)            Temple (0/1) D:4            Lair (5/5) D:10
  Swamp (4/4) Lair:2        Snake (4/4) Lair:3        Slime (0/5) Lair:4
    Orc (2/2) D:9             Elf (3/3) Orc:2        Vaults (1/5) D:14
 Depths (0/4) D:15         Bailey (visited)         Desolation (1/1)
Gauntlet (visited)

Altars:
Fedhas
Kikubaaqudgha
Makhleb
Nemelex Xobeh
Okawaru
Qazlal
Ru
Trog
Uskayaw
Xom
Yredelemnul
Jiyva

Shops:
D:2 [   D:4 =([?   D:14 ([=*   Orc:2 [*!:(   Elf:2 :!   Snake:3 :(

Portals:
Hell: Lair:5

Annotations:
D:4 1 runed translucent door, Crazy Yiuf
Swamp:1 exclusion: downstairs
Swamp:2 2 transporters, Essalna's ghost, adept GrEE


Innate Abilities, Weirdness & Mutations

You are too large for most types of armour.
You have a pair of horns on your head.
You have tough skin. (AC +1)
You gain doubled healing and magic from potions.
Whenever you drink a healing potion, you attack all around you.
You are completely covered in iridescent scales. (AC +6)
You are partially covered in large bone plates. (SH +4)
You have a somewhat thin skeletal structure. (Dex +2, Stealth+)
Your mind is acute. (Int +4, Str/Dex -1)
Your magical capacity is low. (-10% MP)
Your muscles are strong. (Str +4, Int/Dex -1)
You occasionally lose the ability to read scrolls when taking damage.
Your movements are slightly less encumbered by armour. (ER -2)


Message History

You feel strangely unstable.
The servant of whispers hits you but does no damage.
The servant of whispers is no longer sharing its pain.
HP +1 (81 -> 82).
The servant of whispers invokes the aid of its god against you.
The bolt of lightning hits you!!
* * * LOW HITPOINT WARNING * * *
HP -31 (82 -> 51).
You savour every drop.
You feel better.
HP +17 (51 -> 68).
Okay, then.
Unknown command.
Aiming: Grand Finale
Press: ? - help, Shift-Dir - straight line, f - ironbound convoker
Aim: an ironbound convoker, wielding a +0 dire flail and wearing a +0 ring mail (sharing its pain)
The ironbound convoker explodes violently!!!
Something is hit by a flying piece of the ironbound convoker!
You blow up the ironbound convoker! 2 servants of whispers, 5 saltlings, a crystal guardian and 2 ragged hierophants come into view.
Found the Grimoire of Hail and Esoterica.
You can no longer merge with and destroy a victim.
Your surroundings seem slightly different.
The imperial myrmidon is no longer sharing its pain.
The saltling is no longer sharing its pain.
The servant of whispers moves out of view.
The saltling moves out of view. x2
The servant of whispers moves out of view.
The saltling moves out of view.
The ragged hierophant moves out of view.
The saltling moves out of view. x2; The crystal guardian moves out of view.
The ragged hierophant moves out of view.
Your Invocations skill increases to level 7!
HP +1 (68 -> 69).
The halazid warlock casts a spell at you.
The bolt of cold hits you!! You resist.
* * * LOW HITPOINT WARNING * * *
The servant of whispers mumbles some strange prayers to its god against you.
The bolt of lightning hits you!!!
You die...
Xom snickers!

#..........###.
#..............
#....a.ยง.......
#.....9........
#..a.9.........
#..)..9........
#....La........
#..............
#.....@........
#..............
#.............
#.............
##############
##############
##############
##############
##########


You could see 2 servants of whispers, an imperial myrmidon, a halazid warlock
(pain bonded) and 3 saltlings.

Vanquished Creatures
  Vashnia (Snake:4)
  Nikola (Snake:1)
  3 deep elf blademasters
  A quicksilver dragon (Swamp:1)
  2 deep elf master archers (Elf:3)
  3 thorn hunters
  Aizul (Snake:2)
  Roxanne (Snake:3)
  A fenstrider witch (Swamp:3)
  7 nagarajas
  4 deep elf sorcerers (Elf:3)
  An imperial myrmidon (Desolation)
  2 deep elf elementalists (Elf:3)
  The ghost of Mandevil the Martial Artist, a journeyman GnSh of Hepliaklqana (Elf:1)
  5 deep elf death magi (Elf:3)
  6 eleionomae
  4 deep elf demonologists (Elf:3)
  2 halazid warlocks (Desolation)
  6 deep elf annihilators
  3 bunyips
  A minotaur (Gauntlet)
  The ghost of TheSeeker391 the Cleaver, a journeyman HOFi of Makhleb (D:8)
  A crystal guardian (Desolation)
  6 ragged hierophants (Desolation)
  The ghost of Pascal76 the Cleaver, a journeyman MiFi of Okawaru (Orc:2)
  2 deep elf high priests (Elf:3)
  3 servants of whispers (Desolation)
  4 peacekeepers (Desolation)
  33 hydras
  2 salamander tyrants
  2 ghost crabs
  8 vault guards (D:14)
  A catoblepas (Lair:4)
  16 alligators
  11 anacondas
  3 two-headed ogres
  7 death yaks
  6 centaur warriors
  29 dancing weapons
  11 naga warriors
  A deep troll earth mage (D:15)
  4 boulder beetles
  A spriggan berserker (Swamp:4)
  13 deep elf knights
  11 naga sharpshooters
  A tengu warrior (Gauntlet)
  9 shock serpents
  2 orc high priests (Orc:2)
  A sun demon (Lair:5)
  A salamander mystic (Snake:4)
  Nergalle (D:12)
  3 skysharks (Lair:5)
  3 spriggan druids
  11 swamp dragons
  5 goliath frogs
  7 naga ritualists
  5 ironbound convokers
  20 slime creatures
  Pikel (D:7)
  6 bog bodies
  30 deep elf pyromancers
  7 orc knights
  3 arcanists
  6 deep elf archers
  27 deep elf zephyrmancers
  4 orc sorcerers
  14 ugly things
  9 mana vipers
  4 manticores
  5 cyclopes
  Maurice (D:9)
  A moth of wrath (Desolation)
  6 salamanders
  31 elephants
  38 black mambas
  2 will-o-the-wisps (Swamp:3)
  5 kobold blastminers
  A water nymph (shapeshifter) (Elf:3)
  4 centaur zombies (D:11)
  A meliai (Gauntlet)
  10 naga magi
  13 guardian serpents
  2 torpor snails (Lair:5)
  2 orange demons (Lair:5)
  Maggie (D:7)
  12 cane toads
  2 unseen horrors
  11 komodo dragons
  5 rime drakes
  An unseen horror (shapeshifter) (D:13)
  2 tengu conjurers (Gauntlet)
  2 ice devils (Lair:5)
  A hellwing (Lair:5)
  A red devil (Lair:5)
  3 bloated husks
  4 trolls
  6 polar bears
  38 saltlings (Desolation)
  9 tyrant leeches
  14 hornets
  23 blink frogs
  A tarantella (shapeshifter) (D:14)
  2 dream sheep (Lair:3)
  2 shadows
  A spriggan (shapeshifter) (D:15)
  3 vampires
  A culicivora (Swamp:3)
  15 spriggans
  A wyvern (Lair:3)
  70 yaks
  2 wraiths
  2 steam dragons (D:11)
  A golden eye (Lair:3)
  8 basilisks
  3 fire elementals
  14 vampire mosquitoes
  2 wargs
  Menkaure (D:5)
  15 swamp worms
  An acid dragon (D:8)
  31 nagas
  5 hell hounds (Lair:5)
  19 water moccasins
  Duvessa (D:7)
  7 swamp drakes
  3 sky beasts (D:11)
  2 ice beasts
  4 black bears
  26 orc warriors
  14 wolves
  5 ogres
  2 lemures (D:7)
  13 centaurs
  2 phantoms (D:5)
  2 kobold brigands
  15 bullfrogs
  2 earth elementals (Elf:3)
  2 two-headed ogre simulacra (D:13)
  A cane toad simulacrum (D:13)
  5 scorpions
  Dowan (D:7)
  5 wights
  4 killer bees (D:9)
  An electric eel (Lair:5)
  6 howler monkeys
  2 bombardier beetles
  3 jellies
  A gnoll bouda (D:7)
  17 orc priests
  2 hounds
  A boggart zombie (D:11)
  Natasha (thrice) (D:4)
  2 iguanas
  13 orc wizards
  A polar bear simulacrum (D:13)
  3 spriggan simulacra (D:13)
  Robin (D:2)
  9 gnolls
  8 adders
  A naga simulacrum (D:13)
  A shadow imp (D:7)
  A worm (Lair:3)
  2 dart slugs
  74 orcs
  12 ball pythons
  7 endoplasms
  3 giant cockroaches
  10 goblins
  13 hobgoblins
  8 jackals
  2 quokkas (D:2)
  4 bats
  4 frilled lizards
  24 kobolds
  3 rats (D:1)
  A butterfly (Lair:1)
1229 creatures vanquished.

Vanquished Creatures (collateral kills)
  A deep elf elementalist (Elf:1)
  An ettin (Orc:2)
  An orc high priest (Orc:2)
  A deep elf archer (Elf:1)
  A deep elf pyromancer (Elf:2)
  An orc knight (Bailey)
  2 meliai (Gauntlet)
  A swamp drake (D:9)
  4 orc warriors
  An orc priest (D:9)
  An orc wizard (D:9)
  An adder (D:5)
  2 orcs (D:9)
18 creatures vanquished.

Vanquished Creatures (others)
  An eldritch tentacle (Snake:3)
  A deep elf elementalist (Elf:3)
  A spriggan air mage (Swamp:3)
  2 alligators
  An anaconda (Snake:4)
  2 dancing weapons
  A deep elf knight (Elf:2)
  A deep elf pyromancer (Elf:1)
  A deep elf zephyrmancer (Elf:2)
  A black mamba (Snake:4)
  An elephant (Lair:3)
  2 bloated husks (Swamp:1)
  A saltling (Desolation)
  An orc wizard (Orc:2)
  An orc (Orc:2)
  8 foxfires (Swamp:3)
26 creatures vanquished.

Grand Total: 1273 creatures vanquished

Notes
Turn   | Place    | Note
-------+----------+-------------------------------------------
     0 | D:1      | seandewar5 the Oni Chaos Knight began the quest for the
                  | Orb.
     0 | D:1      | Reached XP level 1. HP: 24/24 MP: 1/1
    59 | D:1      | XOM: potion effect (invisibility)
   195 | D:1      | Reached XP level 2. HP: 33/33 MP: 2/2
   293 | D:1      | XOM: give mutation
   293 | D:1      | Gained mutation: Your muscles are strong. (Str +4, Int/Dex
                  | -1) [Xom's mischief]
   373 | D:1      | XOM: fake destruction
   378 | D:1      | Reached skill level 5 in Fighting
   385 | D:1      | XOM: divination: magic mapping
   562 | D:1      | XOM: divination: magic mapping
   599 | D:1      | XOM: 3-stop teleportation journey
   794 | D:1      | XOM: 3-stop teleportation journey
   802 | D:1      | Reached XP level 3. HP: 35/41 MP: 3/3
  1450 | D:2      | XOM: smoke on damage
  1462 | D:2      | XOM: 3-stop teleportation journey
  1624 | D:2      | Reached skill level 6 in Fighting
  1765 | D:2      | Identified the +5 kite shield "Daorewn" {Str+7 Int-5}
  1811 | D:2      | XOM: noise
  1925 | D:2      | Found Tooviniaw's Armour Boutique.
  1981 | D:2      | XOM: confusion
  1988 | D:2      | Reached XP level 4. HP: 50/52 MP: 4/4
  2148 | D:2      | Noticed Robin
  2229 | D:2      | Bought a +0 cloak for 45 gold pieces
  2382 | D:2      | Killed Robin
  2606 | D:2      | Found a faded altar of an unknown god.
  2673 | D:2      | Reached skill level 1 in Stealth
  2673 | D:2      | Reached XP level 5. HP: 59/59 MP: 5/5
  2839 | D:3      | Found a blossoming altar of Fedhas.
  2905 | D:3      | XOM: potion effect (might)
  3803 | D:3      | XOM: 6-stop teleportation journey
  3832 | D:3      | XOM: god gift: 11 gold pieces
  3945 | D:3      | XOM: god gift: +2 kite shield of protection
  4026 | D:3      | XOM: god gift: lightning rod (4/4)
  4028 | D:3      | lmaooo
  4153 | D:3      | XOM: divination: detect items
  4242 | D:3      | XOM: god gift: 2 large rocks
  4252 | D:3      | XOM: smoke on damage
  4252 | D:3      | XOM: torment (31/59 hp)
  4267 | D:3      | Reached skill level 1 in Shields
  4413 | D:3      | Reached XP level 6. HP: 61/67 MP: 6/6
  5014 | D:3      | XOM: scenery: 4 doors open
  5026 | D:4      | Noticed Natasha
  5036 | D:4      | Killed Natasha
  5115 | D:4      | Found a staircase to the Ecumenical Temple.
  5115 | D:4      | XOM: 5-stop teleportation journey
  5140 | D:4      | Found Umnontu's Armour Shop.
  5166 | D:4      | Noticed Natasha
  5171 | D:4      | XOM: summons friendly crimson imp
  5173 | D:4      | Killed Natasha
  5174 | D:4      | Reached skill level 7 in Fighting
  5226 | D:4      | XOM is BORED!
  5226 | D:4      | XOM: polymorph crimson imp -> ufetubus
  5428 | D:4      | Found Nemiry's Antique Weapon Shoppe.
  5451 | D:4      | Found Esacvuri's Magic Scroll Shoppe.
  5455 | D:4      | Bought a scroll of identify for 28 gold pieces
  5456 | D:4      | Bought a scroll of teleportation for 42 gold pieces
  5611 | D:4      | Bought a scroll of fog for 56 gold pieces
  5737 | D:4      | Reached XP level 7. HP: 78/78 MP: 7/7
  5749 | D:4      | Reached skill level 5 in Maces & Flails
  5858 | D:4      | Found a runed translucent door.
  5859 | D:4      | Identified the +4 hammer of the Undead {venom, Str+2}
  5859 | D:4      | Noticed Crazy Yiuf
  6284 | D:4      | Found Gughesm's Weapon Shoppe.
  6325 | D:4      | Found Sal Dyerch's Jewellery Shoppe.
  6375 | D:4      | Noticed Natasha
  6380 | D:4      | Killed Natasha
  6505 | D:4      | Found a sparkling altar of Nemelex Xobeh.
  6575 | D:4      | XOM: give mutation
  6575 | D:4      | Gained mutation: You sometimes lose your temper in combat.
                  | [Xom's mischief]
  6584 | D:5      | XOM: noise
  6584 | D:5      | Entered Level 5 of the Dungeon
  6635 | D:4      | XOM: god gift: thin pearl amulet {god gift}
  6681 | D:5      | Noticed Menkaure
  6682 | D:5      | Killed Menkaure
  6683 | D:5      | Reached skill level 8 in Fighting
  6707 | D:5      | XOM: summons friendly crimson imp
  6757 | D:5      | XOM: 1-stop teleportation journey
  6779 | D:5      | Reached XP level 8. HP: 91/91 MP: 8/8
  6849 | D:5      | Reached skill level 9 in Fighting
  6849 | D:5      | Reached skill level 1 in Throwing
  7002 | D:5      | Found Joashont's Antique Armour Emporium.
  7025 | D:5      | XOM: summons friendly ufetubus
  7520 | D:6      | XOM: silly message
  7542 | D:6      | Found a hide-covered altar of Uskayaw.
  7758 | D:6      | XOM: 4-stop teleportation journey
  7964 | D:6      | XOM: cleaving
  8051 | D:6      | XOM: summons 2 friendly demons
  8442 | D:7      | XOM: summons 4 hostile shadow creatures
  8509 | D:7      | XOM: 1-stop teleportation journey
  8812 | D:7      | Noticed Duvessa
  8835 | D:7      | Noticed Dowan
  8836 | D:7      | XOM: confuse monster(s)
  8841 | D:7      | Killed Duvessa
  8844 | D:7      | Killed Dowan
  8924 | D:7      | XOM: 1-stop teleportation journey
  8927 | D:7      | XOM: cleaving
  8942 | D:7      | Reached skill level 10 in Fighting
  8942 | D:7      | Reached XP level 9. HP: 101/101 MP: 9/9
  8949 | D:7      | XOM: fog
  8957 | D:7      | XOM: enchant monster (good)
  8966 | D:7      | Noticed Pikel
  8970 | D:7      | Killed Pikel
  9036 | D:7      | Noticed Maggie
  9048 | D:7      | XOM: divination: magic mapping
  9054 | D:7      | Killed Maggie
  9055 | D:7      | Reached skill level 11 in Fighting
  9256 | D:7      | XOM: divination: detect creatures
  9544 | D:4      | Bought a scroll of enchant armour for 105 gold pieces
  9544 | D:4      | Bought a scroll of brand weapon for 133 gold pieces
  9712 | D:7      | XOM: divination: magic mapping
  9754 | D:8      | Reached skill level 10 in Maces & Flails
 10001 | D:7      | XOM: divination: magic mapping
 10115 | D:8      | Found a runed translucent door.
 10119 | D:8      | Noticed TheSeeker391's ghost (journeyman HOFi)
 10156 | D:8      | Found a sacrificial altar of Ru.
 10212 | D:8      | Noticed a hornet
 10213 | D:8      | Killed a hornet
 10214 | D:8      | Reached skill level 12 in Fighting
 10223 | D:8      | Noticed a two-headed ogre
 10585 | D:8      | XOM: silly message
 10588 | D:8      | XOM: summons 3 friendly demons
 10615 | D:8      | Killed a two-headed ogre
 10616 | D:8      | Reached XP level 10. HP: 111/115 MP: 10/10
 10711 | D:8      | Reached skill level 5 in Throwing
 10809 | D:8      | XOM: 1-stop teleportation journey
 10817 | D:8      | Reached skill level 1 in Evocations
 10832 | D:8      | XOM: divination: detect items
 10935 | D:8      | XOM: 1-stop teleportation journey
 10998 | D:8      | Found a basalt altar of Yredelemnul.
 11028 | D:8      | Found a stormy altar of Qazlal.
 11300 | D:8      | XOM: silly message
 11373 | D:9      | Found a flagged portal.
 11377 | D:9      | XOM: cloud trail
 11379 | D:9      | XOM: polymorph orc warrior -> ball python
 11389 | D:9      | XOM: god gift: 56 gold pieces
 11395 | Bailey   | Entered a bailey
 11756 | Bailey   | XOM: polymorph orc warrior -> dart slug
 11848 | Bailey   | Noticed an orc knight
 11853 | Bailey   | Killed an orc knight
 11876 | Bailey   | Reached skill level 1 in Armour
 11926 | Bailey   | Noticed an orc knight
 11926 | Bailey   | Noticed an orc knight
 11934 | Bailey   | Killed an orc knight
 11935 | Bailey   | Killed an orc knight
 12123 | D:9      | Reached XP level 11. HP: 106/123 MP: 11/11
 12154 | D:9      | Noticed Maurice
 12156 | D:9      | Maurice stole a ring of fire
 12161 | D:9      | Killed Maurice
 12498 | D:9      | XOM: cloud trail
 12509 | D:9      | XOM: 1-stop teleportation journey
 13015 | D:8      | XOM: god gift: staff of air
 13185 | D:8      | XOM is BORED!
 13191 | D:8      | XOM: cloud trail
 13381 | D:8      | Found a basalt altar of Yredelemnul.
 13384 | D:8      | Found a stormy altar of Qazlal.
 13462 | D:8      | Found a sacrificial altar of Ru.
 13537 | D:8      | XOM: give mutations
 13537 | D:8      | Gained mutation: Your flesh is heat resistant. (rF+) [Xom's
                  | grace]
 13537 | D:8      | Gained mutation: You have hidden genetic potential. [Xom's
                  | grace]
 13808 | D:8      | Found a sacrificial altar of Ru.
 13857 | D:8      | Found a stormy altar of Qazlal.
 13859 | D:8      | Found a basalt altar of Yredelemnul.
 14266 | D:8      | Found a sacrificial altar of Ru.
 14315 | D:8      | Found a stormy altar of Qazlal.
 14317 | D:8      | Found a basalt altar of Yredelemnul.
 14336 | D:8      | XOM: give mutations
 14336 | D:8      | Gained mutation: You have an uncontrollable temper. [Xom's
                  | mischief]
 14336 | D:8      | Lost mutation: You have hidden genetic potential. [Xom's
                  | mischief]
 14336 | D:8      | Lost mutation: Your muscles are strong. (Str +4, Int/Dex
                  | -1) [Xom's mischief]
 14649 | D:9      | XOM: cleaving
 14653 | D:9      | XOM: give mutation
 14653 | D:9      | Gained mutation: You expend magic power (3 MP) to
                  | strengthen your wands. [Xom's mischief]
 14742 | D:9      | XOM: give mutations
 14742 | D:9      | Gained mutation: You are occasionally teleported next to
                  | monsters. [Xom's mischief]
 14742 | D:9      | Gained mutation: Your body sometimes deteriorates upon
                  | taking damage. [Xom's mischief]
 14742 | D:9      | Lost mutation: Your flesh is heat resistant. (rF+) [Xom's
                  | mischief]
 14742 | D:9      | Gained mutation: You are agile. (Dex +4, Str/Int -1) [Xom's
                  | mischief]
 14749 | D:9      | Found a staircase to the Orcish Mines.
 14776 | D:9      | XOM: summons 2 hostile demons
 14853 | D:10     | Entered Level 10 of the Dungeon
 15049 | D:8      | XOM is BORED!
 15122 | D:4      | Bought a scroll of revelation for 105 gold pieces
 15122 | D:4      | Bought a scroll of teleportation for 42 gold pieces
 15122 | D:4      | Bought a scroll of enchant weapon for 105 gold pieces
 15547 | D:10     | XOM: cast spell 'Fugue of the Fallen'
 15620 | D:10     | Found a staircase to the Lair.
 15734 | D:11     | XOM: stealth player
 16022 | D:10     | XOM: potion effect (heal wounds)
 16166 | D:10     | XOM: noise
 16386 | D:11     | Noticed a manticore
 16396 | D:11     | Killed a manticore
 16410 | D:11     | XOM: divination: magic mapping
 16422 | D:11     | Noticed a cyclops
 16425 | D:11     | Killed a cyclops
 16476 | D:11     | Noticed a cyclops
 16488 | D:11     | Killed a cyclops
 16618 | D:11     | Reached skill level 13 in Fighting
 16830 | D:11     | Found the +8 mithril axe "Arga" {speed, Will+}
 16848 | D:11     | XOM: 2-stop teleportation journey
 16927 | D:11     | XOM: enchant monster (bad)
 17038 | D:11     | Reached skill level 14 in Fighting
 17038 | D:11     | Reached XP level 12. HP: 139/139 MP: 12/12
 17151 | D:11     | XOM: enchant monster (bad)
 17365 | D:11     | Identified the +10 falchion of Wrongful Imprisonment
                  | {drain, *Rage +Blink Str+4}
 17636 | D:11     | XOM is BORED!
 17783 | D:12     | Reached skill level 1 in Axes
 17785 | D:12     | Noticed Nergalle
 17796 | D:12     | Killed Nergalle
 17906 | D:12     | Noticed a two-headed ogre
 17919 | D:12     | Killed a two-headed ogre
 18075 | D:12     | XOM: silly message
 18084 | D:12     | XOM: silly message
 18096 | D:12     | Reached skill level 5 in Axes
 18194 | D:11     | XOM: god gift: 19 gold pieces
 18388 | D:12     | Noticed a boulder beetle
 18389 | D:12     | "Xom thinks this is hilarious!"
 18609 | D:12     | Killed a boulder beetle
 18624 | D:12     | XOM: 1-stop teleportation journey
 18663 | D:12     | XOM: god gift: tapered gold wand {god gift}
 19275 | Lair:1   | Entered Level 1 of the Lair of Beasts
 19307 | Lair:1   | Lost mutation: You are agile. (Dex +4, Str/Int -1) [potion
                  | of mutation]
 19307 | Lair:1   | Lost mutation: You expend magic power (3 MP) to strengthen
                  | your wands. [potion of mutation]
 19307 | Lair:1   | Gained mutation: Your flesh is heat resistant. (rF+)
                  | [potion of mutation]
 19307 | Lair:1   | Gained mutation: You are partially covered in iridescent
                  | scales. (AC +2) [potion of mutation]
 19307 | Lair:1   | Gained mutation: You are covered in fur. (AC +1) [potion of
                  | mutation]
 19308 | Lair:1   | Lost mutation: You have an uncontrollable temper. [potion
                  | of mutation]
 19308 | Lair:1   | Lost mutation: You are occasionally teleported next to
                  | monsters. [potion of mutation]
 19308 | Lair:1   | Lost mutation: You sometimes lose your temper in combat.
                  | [potion of mutation]
 19308 | Lair:1   | Gained mutation: You are mostly covered in iridescent
                  | scales. (AC +4) [potion of mutation]
 19308 | Lair:1   | Gained mutation: Your natural rate of healing is unusually
                  | fast. [potion of mutation]
 19308 | Lair:1   | Gained mutation: You passively map a small area around you.
                  | [potion of mutation]
 19523 | Lair:1   | Found a transporter.
 19526 | Lair:1   | Found a transporter.
 19527 | Lair:1   | Noticed a boulder beetle
 19540 | Lair:1   | XOM: potion effect (attraction)
 19671 | Lair:1   | Reached XP level 13. HP: 148/148 MP: 13/13
 19921 | Lair:1   | XOM: silly message
 20310 | Lair:2   | XOM: 2-stop teleportation journey
 20333 | Lair:2   | XOM: cast spell 'Iskenderun's Battlesphere'
 20390 | Lair:2   | XOM: silly message
 20446 | Lair:2   | Reached XP level 14. HP: 135/157 MP: 14/14
 20512 | Lair:2   | XOM: polymorph yak -> yak
 20558 | Lair:2   | XOM: summons friendly quasit
 20591 | Lair:2   | Found a staircase to the Swamp.
 20708 | Lair:2   | XOM: blink monster(s)
 21032 | Lair:2   | XOM: potion effect (invisibility)
 21046 | Lair:2   | XOM: enchant monster (good)
 21173 | Lair:2   | XOM: 1-stop teleportation journey
 21229 | Lair:2   | XOM: cloud trail
 21416 | Lair:3   | XOM: polymorph elephant -> blink frog
 21474 | Lair:3   | XOM: noise
 21488 | Lair:3   | Reached skill level 15 in Axes
 21614 | Lair:3   | XOM: polymorph yak -> worm
 21687 | Lair:3   | XOM: fake destruction
 21778 | Lair:3   | XOM: divination: detect items
 21933 | Lair:3   | XOM is BORED!
 21933 | Lair:3   | XOM: give mutations
 21933 | Lair:3   | Lost mutation: Your natural rate of healing is unusually
                  | fast. [Xom's mischief]
 21933 | Lair:3   | Gained mutation: Armour fits poorly on your strangely
                  | shaped body. [Xom's mischief]
 21933 | Lair:3   | Lost mutation: Armour fits poorly on your strangely shaped
                  | body. [Xom's mischief]
 21962 | Lair:3   | Identified the +6 shortbow of Friendship {flame, rPois rC+
                  | Str+3 Int+3}
 21974 | Lair:3   | XOM: polymorph elephant -> golden eye
 21977 | Lair:3   | XOM: enchant monster (good)
 22126 | Lair:3   | XOM: divination: magic mapping
 22135 | Lair:3   | You fall into a shaft and drop 2 floors!
 22135 | Lair:5   | Entered Level 5 of the Lair of Beasts
 22190 | Lair:5   | XOM: silly message
 22736 | Lair:3   | Reached skill level 15 in Fighting
 22736 | Lair:3   | Reached XP level 15. HP: 167/167 MP: 15/15
 22748 | Lair:3   | XOM: silly message
 22956 | Lair:3   | XOM: silly message
 23048 | Lair:3   | Found a staircase to the Snake Pit.
 23416 | Lair:3   | XOM: divination: detect items
 23634 | Lair:3   | XOM: silly message
 23687 | Lair:4   | Reached skill level 16 in Fighting
 23699 | Lair:4   | XOM: silly message
 23735 | Lair:4   | Found a staircase to the Slime Pits.
 23735 | Lair:4   | Found a viscous altar of Jiyva.
 23945 | Lair:4   | XOM: potion effect (might)
 24182 | Lair:4   | Reached skill level 5 in Armour
 24482 | Lair:5   | XOM: confuse monster(s)
 24484 | Lair:5   | XOM: divination: detect creatures
 24623 | Lair:5   | Reached skill level 5 in Dodging
 24624 | Lair:5   | XOM: divination: detect creatures
 24697 | Lair:5   | XOM: noise
 24705 | Lair:5   | XOM: silly message
 25041 | Lair:5   | XOM: confuse monster(s)
 25362 | Lair:5   | XOM: scenery: create altars
 25520 | Lair:5   | XOM: 4-stop teleportation journey
 25571 | Lair:5   | XOM: noise
 25753 | Lair:5   | XOM: 1-stop teleportation journey
 25792 | Lair:5   | XOM: give mutations
 25792 | Lair:5   | Gained mutation: You occasionally shout uncontrollably at
                  | your foes. [Xom's mischief]
 25792 | Lair:5   | Gained mutation: You have large cloven feet. [Xom's
                  | mischief]
 26397 | Lair:5   | XOM: god gift: 37 gold pieces
 26412 | Lair:5   | XOM: give mutations
 26412 | Lair:5   | Gained mutation: Your magical capacity is low. (-10% MP)
                  | [Xom's mischief]
 26412 | Lair:5   | Lost mutation: You have large cloven feet. [Xom's mischief]
 26412 | Lair:5   | Lost mutation: You occasionally shout uncontrollably at
                  | your foes. [Xom's mischief]
 26472 | Lair:5   | Found a burning altar of Makhleb.
 26697 | Lair:5   | Found a gateway to Hell.
 26706 | Lair:5   | Reached XP level 16. HP: 166/179 MP: 14/14
 26945 | D:12     | XOM: give mutations
 26945 | D:12     | Gained mutation: You have sharp fingernails. [Xom's
                  | mischief]
 26945 | D:12     | Gained mutation: You are clumsy. (Dex -2) [Xom's mischief]
 26945 | D:12     | Lost mutation: You passively map a small area around you.
                  | [Xom's mischief]
 26945 | D:12     | Lost mutation: You are covered in fur. (AC +1) [Xom's
                  | mischief]
 26976 | D:13     | XOM: stealth player
 27022 | D:13     | XOM: give mutations
 27022 | D:13     | Gained mutation: You are somewhat resistant to further
                  | mutation. [Xom's grace]
 27022 | D:13     | Gained mutation: Your muscles are strong. (Str +4, Int/Dex
                  | -1) [Xom's grace]
 27022 | D:13     | Gained mutation: You have a pair of horns on your head.
                  | [Xom's grace]
 27022 | D:13     | Gained mutation: Your mind is acute. (Int +4, Str/Dex -1)
                  | [Xom's grace]
 27087 | D:13     | Found a gate leading to a gauntlet.
 27111 | Gauntlet | Entered a Gauntlet
 27111 | Gauntlet | Found a transporter.
 27111 | Gauntlet | Found a transporter.
 27111 | Gauntlet | Found a transporter.
 27151 | Gauntlet | Found a transporter.
 27163 | Gauntlet | Found a transporter.
 27165 | Gauntlet | Found a transporter.
 27175 | Gauntlet | Found a transporter.
 27196 | Gauntlet | Found a transporter.
 27215 | Gauntlet | Found a transporter.
 27217 | Gauntlet | Found a transporter.
 27229 | Gauntlet | Found a transporter.
 27231 | Gauntlet | Found a transporter.
 27368 | Gauntlet | XOM: cast spell 'Dispersal'
 27501 | Gauntlet | XOM: give mutations
 27501 | Gauntlet | Lost mutation: Your muscles are strong. (Str +4, Int/Dex
                  | -1) [Xom's mischief]
 27501 | Gauntlet | Gained mutation: Your magical capacity is very low. (-20%
                  | MP) [Xom's mischief]
 27650 | Gauntlet | Identified the ring "Omemar" {rPois rF+ Str-5 Int+2 Dex+3}
 28128 | D:13     | XOM: 1-stop teleportation journey
 28161 | D:13     | Reached skill level 5 in Shields
 28243 | D:13     | XOM: give mutations
 28243 | D:13     | Lost mutation: You have sharp fingernails. [Xom's mischief]
 28243 | D:13     | Gained mutation: You passively dampen the noise of your
                  | surroundings. [Xom's mischief]
 28243 | D:13     | Lost mutation: Your magical capacity is very low. (-20% MP)
                  | [Xom's mischief]
 28358 | D:13     | XOM: scenery: 1 doors open
 28863 | D:14     | Found Owiugap's Weapon Shoppe.
 28866 | D:14     | XOM: enchant monster (bad)
 28885 | D:14     | XOM: 3-stop teleportation journey
 28908 | D:14     | Found an iron altar of Okawaru.
 28965 | D:14     | XOM: enchant monster (bad)
 29434 | D:14     | XOM: chaos cloud
 29564 | D:14     | Found Gauf's Antique Armour Boutique.
 29603 | D:14     | XOM: silly message
 29612 | D:14     | XOM: blink monster(s)
 29672 | D:14     | Found a gate to the Vaults.
 29682 | D:14     | XOM: 1-stop teleportation journey
 29699 | D:14     | Found Zuec's General Store.
 29711 | D:14     | Bought a potion of haste for 110 gold pieces
 29711 | D:14     | Bought a scroll of enchant armour for 82 gold pieces
 29711 | D:14     | Bought a scroll of identify for 22 gold pieces
 29711 | D:14     | Bought a wand of polymorph (6) for 92 gold pieces
 29711 | D:14     | Bought a potion of cancellation for 88 gold pieces
 29777 | D:14     | Found Vunwav's Jewellery Shop.
 29823 | D:14     | XOM: 2-stop teleportation journey
 29826 | D:14     | XOM: summons 9 hostile demons
 29839 | D:14     | XOM: summons friendly iron imp
 29886 | D:14     | XOM: enchant monster (bad)
 29958 | D:14     | XOM: noise
 29963 | D:14     | XOM: fog
 30090 | D:14     | XOM: scenery: 1 doors close
 30614 | D:15     | Entered Level 15 of the Dungeon
 30640 | D:15     | Reached skill level 17 in Fighting
 30743 | D:15     | Found a staircase to the Depths.
 31629 | Orc:1    | Entered Level 1 of the Orcish Mines
 31632 | Orc:1    | XOM: potion effect (invisibility)
 31742 | Orc:1    | Reached skill level 18 in Fighting
 31877 | Orc:1    | XOM: silly message
 31886 | Orc:2    | Entered Level 2 of the Orcish Mines
 32159 | Orc:2    | XOM: silly message
 32168 | Orc:2    | XOM: cast spell 'Death Channel'
 32194 | Orc:2    | XOM: confuse monster(s)
 32203 | Orc:2    | XOM: divination: detect items
 32237 | Orc:2    | Reached XP level 17. HP: 120/196 MP: 15/15
 32311 | Orc:2    | Found Humaini's Antique Weapon Shop.
 32311 | Orc:2    | XOM: 2-stop teleportation journey
 32396 | Orc:2    | Reached skill level 19 in Fighting
 32410 | Orc:2    | Found a staircase to the Elven Halls.
 32711 | Orc:2    | Found Yfea's Book Boutique.
 32711 | Orc:2    | Found Mubub's Antique Armour Shoppe.
 32713 | Orc:2    | Found Vocsa's Distillery.
 32713 | Orc:2    | Found Qeahus's Assorted Antiques.
 32721 | Orc:2    | Bought a potion of resistance for 130 gold pieces
 32724 | Orc:2    | Bought a scroll of teleportation for 93 gold pieces
 32724 | Orc:2    | Bought a potion of resistance for 310 gold pieces
 32724 | Orc:2    | Bought a potion of haste for 310 gold pieces
 32729 | Orc:2    | Bought a potion of might for 52 gold pieces
 32729 | Orc:2    | Bought 2 potions of haste for 260 gold pieces
 32729 | Orc:2    | Bought a potion of curing for 39 gold pieces
 32729 | Orc:2    | Bought a potion of cancellation for 104 gold pieces
 32729 | Orc:2    | Bought a potion of mutation for 104 gold pieces
 32755 | Orc:2    | Found a runed translucent gate.
 32755 | Orc:2    | Found a runed translucent gate.
 32756 | Orc:2    | Found a runed translucent gate.
 32789 | Orc:2    | XOM: cloud trail
 32801 | Orc:2    | XOM: divination: magic mapping
 32810 | Orc:2    | Noticed Pascal76's ghost (journeyman MiFi)
 32813 | Orc:2    | XOM: cast spell 'Leda's Liquefaction'
 32820 | Orc:2    | Killed Pascal76's ghost
 32970 | D:8      | Killed TheSeeker391's ghost
 33164 | Snake:1  | Entered Level 1 of the Snake Pit
 33271 | Snake:1  | Noticed Nikola
 33294 | Snake:1  | Killed Nikola
 33365 | Snake:1  | XOM: confusion (+ monsters)
 33387 | Snake:1  | Reached skill level 20 in Fighting
 33552 | Snake:1  | XOM: polymorph black mamba -> scorpion
 33591 | Snake:1  | XOM: 2-stop teleportation journey
 33605 | Snake:1  | XOM: 5-stop teleportation journey
 33831 | Snake:1  | XOM: god gift: 2 large rocks
 33890 | Snake:1  | XOM: divination: detect creatures
 33979 | Snake:1  | XOM: scenery: summon butterflies
 33981 | Snake:1  | XOM: divination: detect items
 34044 | Snake:1  | XOM: cloud trail
 34054 | Snake:1  | XOM: snakes to sticks
 34381 | Snake:1  | XOM: god gift: 2 potions of haste
 34673 | Snake:1  | XOM: summons 8 hostile demons
 34829 | Snake:2  | XOM: summons 1 hostile shadow creature
 34912 | Snake:2  | XOM: silly message
 35019 | Snake:2  | XOM: divination: magic mapping
 35028 | Snake:2  | XOM: potion effect (curing)
 35101 | Snake:2  | XOM: fog
 35121 | Snake:2  | Found a burning altar of Makhleb.
 35252 | Snake:2  | XOM: noise
 35335 | Snake:2  | XOM: fog
 35376 | Snake:2  | Identified the serpent talisman of Prudence {+Blink rC+
                  | rCorr}
 35376 | Snake:2  | Noticed Aizul
 35393 | Snake:2  | Killed Aizul
 35481 | Snake:2  | XOM: god gift: 26 gold pieces
 35514 | Snake:2  | Identified the +9 long sword "Tiyj Hey" {drain, ^Fragile
                  | rC- rN+ Str+9 Dex+4}
 35525 | Snake:2  | XOM: give mutations
 35525 | Snake:2  | Gained mutation: You are completely covered in iridescent
                  | scales. (AC +6) [Xom's grace]
 35525 | Snake:2  | Gained mutation: Your flesh is very heat resistant. (rF++)
                  | [Xom's grace]
 35525 | Snake:2  | Lost mutation: You are clumsy. (Dex -2) [Xom's grace]
 35525 | Snake:2  | Gained mutation: Your flesh is cold resistant. (rC+) [Xom's
                  | grace]
 35575 | Snake:2  | Reached skill level 10 in Throwing
 35606 | Snake:2  | Identified the +3 buckler of Modesty {rN+ Stlth+}
 35924 | Snake:2  | XOM: destruction
 36147 | Snake:3  | XOM: cast spell 'Malign Gateway'
 36188 | Snake:3  | Found Liacrit's Antique Weapon Boutique.
 36196 | Snake:3  | Found Yco Baxy's Book Shop.
 36289 | Snake:3  | XOM: snakes to sticks
 36488 | Snake:3  | Noticed Roxanne
 36497 | Snake:3  | Killed Roxanne
 36748 | Snake:4  | XOM: stealth player
 36748 | Snake:4  | Entered Level 4 of the Snake Pit
 36797 | Snake:4  | XOM: divine lightning
 36858 | Snake:4  | XOM: 1-stop teleportation journey
 37025 | Snake:4  | Reached skill level 10 in Shields
 37248 | Snake:4  | XOM: 1-stop teleportation journey
 37329 | Snake:4  | XOM: divination: detect creatures
 37332 | Snake:4  | Reached XP level 18. HP: 149/210 MP: 16/16
 37383 | Snake:4  | XOM: swap monsters
 37514 | Snake:4  | Reached skill level 5 in Evocations
 37618 | Snake:4  | XOM: enchant monster (good)
 37647 | Snake:3  | XOM: enchant monster (good)
 37834 | Snake:3  | XOM: give mutations
 37834 | Snake:3  | Gained mutation: You possess an exceptional clarity of
                  | mind. [Xom's grace]
 37834 | Snake:3  | Gained mutation: Your spells are a little harder to cast,
                  | but a little more powerful. [Xom's grace]
 37834 | Snake:3  | Gained mutation: You are partially covered in large bone
                  | plates. (SH +4) [Xom's grace]
 37834 | Snake:3  | Gained mutation: You passively map a small area around you.
                  | [Xom's grace]
 37905 | Snake:4  | XOM: smoke on damage
 37992 | Snake:4  | Noticed Vashnia
 38013 | Snake:4  | XOM: enchant monster (bad)
 38016 | Snake:4  | XOM: summons friendly shadow imp
 38020 | Snake:4  | XOM: confuse monster(s)
 38029 | Snake:4  | Killed Vashnia
 38054 | Snake:4  | XOM: divination: detect creatures
 38124 | Snake:3  | XOM: draining
 38450 | Snake:4  | Got a serpentine rune of Zot
 38639 | Snake:4  | XOM: give mutations
 38639 | Snake:4  | Lost mutation: Your flesh is very heat resistant. (rF++)
                  | [Xom's mischief]
 38639 | Snake:4  | Lost mutation: You are partially covered in large bone
                  | plates. (SH +4) [Xom's mischief]
 38639 | Snake:4  | Lost mutation: You passively dampen the noise of your
                  | surroundings. [Xom's mischief]
 38762 | Snake:3  | XOM: enchant monster (bad)
 38860 | Lair:2   | XOM: give mutation
 38860 | Lair:2   | Lost mutation: Your flesh is cold resistant. (rC+) [Xom's
                  | mischief]
 38873 | Swamp:1  | Entered Level 1 of the Swamp
 38874 | Swamp:1  | XOM: potion effect (might)
 38898 | Swamp:1  | XOM: divination: magic mapping
 39042 | Swamp:1  | XOM: summons 4 hostile shadow creatures
 39064 | Swamp:1  | XOM: 1-stop teleportation journey
 39077 | Swamp:1  | XOM: fog
 39169 | Swamp:1  | XOM: 4-stop teleportation journey
 39703 | Swamp:1  | XOM: give mutations
 39703 | Swamp:1  | Lost mutation: You are somewhat resistant to further
                  | mutation. [Xom's mischief]
 39703 | Swamp:1  | Lost mutation: You passively map a small area around you.
                  | [Xom's mischief]
 39703 | Swamp:1  | Lost mutation: Your flesh is heat resistant. (rF+) [Xom's
                  | mischief]
 39703 | Swamp:1  | Gained mutation: You are vulnerable to heat. (rF-) [Xom's
                  | mischief]
 39703 | Swamp:1  | Lost mutation: You have a pair of horns on your head.
                  | [Xom's mischief]
 39819 | Swamp:1  | XOM: give mutations
 39819 | Swamp:1  | Lost mutation: Your mind is acute. (Int +4, Str/Dex -1)
                  | [Xom's mischief]
 39819 | Swamp:1  | Lost mutation: Your spells are a little harder to cast, but
                  | a little more powerful. [Xom's mischief]
 39819 | Swamp:1  | Lost mutation: You possess an exceptional clarity of mind.
                  | [Xom's mischief]
 39896 | Swamp:1  | XOM: give mutation
 39896 | Swamp:1  | Gained mutation: You possess an exceptional clarity of
                  | mind. [Xom's mischief]
 40092 | Swamp:1  | XOM: give mutations
 40092 | Swamp:1  | Lost mutation: Your magical capacity is low. (-10% MP)
                  | [Xom's mischief]
 40092 | Swamp:1  | Gained mutation: You are somewhat resistant to further
                  | mutation. [Xom's mischief]
 40092 | Swamp:1  | Gained mutation: You are occasionally teleported next to
                  | monsters. [Xom's mischief]
 40109 | Swamp:1  | XOM: silly message
 40296 | Swamp:1  | XOM: cloud trail
 40617 | Swamp:1  | a six-headed hydra changed into a quicksilver dragon
 40617 | Swamp:1  | Noticed a quicksilver dragon
 40617 | Swamp:1  | XOM: polymorph six-headed hydra -> quicksilver dragon
 40618 | Swamp:1  | Killed a quicksilver dragon
 41082 | Swamp:2  | Found a transporter.
 41092 | Swamp:2  | Noticed Essalna's ghost (adept GrEE)
 41094 | Swamp:2  | Found a bloodstained altar of Trog.
 41106 | Swamp:2  | Found a transporter.
 41208 | Swamp:3  | XOM: stealth player
 41290 | Swamp:3  | XOM: give mutations
 41290 | Swamp:3  | Lost mutation: You are vulnerable to heat. (rF-) [Xom's
                  | mischief]
 41290 | Swamp:3  | Gained mutation: Your spells are a little harder to cast,
                  | but a little more powerful. [Xom's mischief]
 41290 | Swamp:3  | Lost mutation: You possess an exceptional clarity of mind.
                  | [Xom's mischief]
 41354 | Swamp:3  | XOM: give mutation
 41354 | Swamp:3  | Gained mutation: You have a somewhat thin skeletal
                  | structure. (Dex +2, Stealth+) [Xom's mischief]
 41385 | Swamp:3  | Reached XP level 19. HP: 215/219 MP: 19/19
 41471 | Swamp:3  | XOM: divination: detect creatures
 41477 | Swamp:3  | Reached skill level 10 in Armour
 41631 | Swamp:3  | XOM: silly message
 41850 | Swamp:4  | Entered Level 4 of the Swamp
 42004 | Swamp:3  | XOM: polymorph spriggan rider -> culicivora
 42041 | Swamp:4  | XOM: enchant monster (good)
 42042 | Swamp:4  | XOM: enchant monster (bad)
 42099 | Swamp:4  | XOM: swap monsters
 42123 | Swamp:4  | XOM: silly message
 42582 | Swamp:4  | XOM: potion effect (curing)
 42742 | Swamp:4  | XOM: silly message
 42790 | Swamp:4  | Reached skill level 10 in Dodging
 42797 | Swamp:4  | XOM: silly message
 42921 | Swamp:4  | XOM: noise
 42922 | Swamp:4  | XOM: enchant monster (bad)
 42923 | Swamp:4  | XOM: silly message
 43157 | Swamp:4  | XOM: potion effect (heal wounds)
 43184 | Swamp:4  | XOM: summons friendly crimson imp
 43369 | Swamp:4  | Reached skill level 21 in Fighting
 43464 | Swamp:4  | Got a decaying rune of Zot
 43621 | Swamp:4  | XOM: give mutations
 43621 | Swamp:4  | Lost mutation: You are somewhat resistant to further
                  | mutation. [Xom's mischief]
 43621 | Swamp:4  | Gained mutation: You have hidden genetic potential. [Xom's
                  | mischief]
 43621 | Swamp:4  | Lost mutation: You have hidden genetic potential. [Xom's
                  | mischief]
 43621 | Swamp:4  | Lost mutation: Your spells are a little harder to cast, but
                  | a little more powerful. [Xom's mischief]
 43621 | Swamp:4  | Gained mutation: Your spells are a little easier to cast,
                  | but a little less powerful. [Xom's mischief]
 43867 | D:9      | XOM: divination: magic mapping
 43942 | Orc:2    | XOM: give mutations
 43942 | Orc:2    | Gained mutation: You are somewhat resistant to further
                  | mutation. [Xom's mischief]
 43942 | Orc:2    | Gained mutation: You occasionally lose the ability to read
                  | scrolls when taking damage. [Xom's mischief]
 43942 | Orc:2    | Lost mutation: Your spells are a little easier to cast, but
                  | a little less powerful. [Xom's mischief]
 43942 | Orc:2    | Gained mutation: You have sharp fingernails. [Xom's
                  | mischief]
 43943 | Orc:2    | Lost mutation: You have sharp fingernails. [potion of
                  | mutation]
 43943 | Orc:2    | Lost mutation: You are somewhat resistant to further
                  | mutation. [potion of mutation]
 43943 | Orc:2    | Gained mutation: You have hidden genetic defects. [potion
                  | of mutation]
 43943 | Orc:2    | Gained mutation: Your natural rate of healing is unusually
                  | fast. [potion of mutation]
 43944 | Orc:2    | Lost mutation: Your natural rate of healing is unusually
                  | fast. [potion of mutation]
 43944 | Orc:2    | Lost mutation: Your body sometimes deteriorates upon taking
                  | damage. [potion of mutation]
 43944 | Orc:2    | Lost mutation: You occasionally lose the ability to read
                  | scrolls when taking damage. [potion of mutation]
 43944 | Orc:2    | Gained mutation: You have a pair of horns on your head.
                  | [potion of mutation]
 43944 | Orc:2    | Gained mutation: You are partially covered in large bone
                  | plates. (SH +4) [potion of mutation]
 43959 | Elf:1    | Entered Level 1 of the Elven Halls
 43978 | Elf:1    | XOM: enchant monster (good)
 43980 | Elf:1    | XOM: confuse monster(s)
 44092 | Elf:1    | XOM: noise
 44101 | Elf:1    | Found an ancient bone altar of Kikubaaqudgha.
 44103 | Elf:1    | XOM: cloud trail
 44143 | Elf:1    | Found a runed translucent gate.
 44143 | Elf:1    | Found a runed translucent gate.
 44146 | Elf:1    | Found a runed translucent gate.
 44147 | Elf:1    | Noticed Mandevil's ghost (journeyman GnSh)
 44159 | Elf:1    | Killed Mandevil's ghost
 44237 | Elf:1    | XOM: summons 3 friendly demons
 44242 | Elf:1    | XOM: summons 3 friendly demons
 44275 | Elf:1    | XOM: confusion
 44332 | Elf:1    | XOM: scenery: summon butterflies
 44364 | Elf:1    | XOM: scenery: 1 doors open, 1 doors close
 44471 | Elf:1    | XOM: confusion
 44487 | Elf:1    | Reached skill level 22 in Fighting
 44724 | Elf:1    | Gained mutation: Your magical capacity is low. (-10% MP)
                  | [hidden defects]
 44824 | Elf:1    | XOM: scenery: summon butterflies
 45469 | Elf:2    | Found a runed translucent gate.
 45469 | Elf:2    | Found a runed translucent gate.
 45469 | Elf:2    | Found a runed translucent gate.
 45473 | Elf:2    | XOM: scenery: create altars
 45507 | Elf:2    | XOM: fake destruction
 45540 | Elf:2    | Reached XP level 20. HP: 229/236 MP: 18/18
 45790 | Elf:2    | Found Ynezocad's Distillery.
 45817 | Elf:2    | Bought a potion of mutation for 136 gold pieces
 45849 | Elf:2    | Found Tayblore's Tremendous Tomes.
 45927 | Elf:2    | XOM: cast spell 'Summon Mana Viper'
 45931 | Elf:2    | XOM: destruction
 45996 | Elf:2    | Gained mutation: Potions are less effective at restoring
                  | your health. [hidden defects]
 45996 | Elf:2    | Lost mutation: You have hidden genetic defects. [hidden
                  | defects expressed]
 46031 | Elf:2    | XOM: scenery: create altars
 46032 | Elf:2    | XOM: god gift: glowing flail {god gift}
 46093 | Elf:2    | XOM: divine lightning
 46095 | Elf:2    | XOM: cleaving
 46393 | Elf:2    | XOM: 3-stop teleportation journey
 46479 | Elf:2    | XOM: 8-stop teleportation journey
 46563 | Elf:2    | XOM: summons 2 hostile shadow creatures
 46650 | Elf:2    | XOM: give mutations
 46650 | Elf:2    | Gained mutation: Your movements are slightly less
                  | encumbered by armour. (ER -2) [Xom's grace]
 46650 | Elf:2    | Gained mutation: Your system is resistant to poisons.
                  | (rPois) [Xom's grace]
 46650 | Elf:2    | Gained mutation: Your mind is acute. (Int +4, Str/Dex -1)
                  | [Xom's grace]
 46705 | Elf:2    | XOM: enchant monster (bad)
 46709 | Elf:2    | XOM: smoke on damage
 46954 | Elf:3    | Entered Level 3 of the Elven Halls
 46954 | Elf:3    | XOM: confusion (+ monsters)
 46958 | Elf:3    | XOM: chaos upgrade
 47080 | Elf:3    | Lost mutation: Potions are less effective at restoring your
                  | health. [potion of mutation]
 47080 | Elf:3    | Lost mutation: Your system is resistant to poisons. (rPois)
                  | [potion of mutation]
 47080 | Elf:3    | Lost mutation: You are occasionally teleported next to
                  | monsters. [potion of mutation]
 47080 | Elf:3    | Gained mutation: You occasionally lose the ability to read
                  | scrolls when taking damage. [potion of mutation]
 47080 | Elf:3    | Gained mutation: Your muscles are strong. (Str +4, Int/Dex
                  | -1) [potion of mutation]
 47155 | Elf:3    | XOM: stat loss: -1 Str (31/32)
 47905 | Elf:3    | XOM: summons friendly ufetubus
 47907 | Elf:3    | XOM: cast spell 'Fugue of the Fallen'
 47982 | Elf:3    | XOM: 1-stop teleportation journey
 48153 | Elf:3    | Reached skill level 5 in Stealth
 48158 | Elf:3    | Identified the +4 flail of Ru, Thieving {elec, *Slow rElec
                  | rPois rN+}
 48165 | Elf:3    | XOM: summons 1 hostile demon
 48172 | Elf:3    | XOM: potion effect (invisibility)
 48195 | Elf:3    | XOM: confusion
 48407 | Elf:3    | XOM: butterfly on damage
 48516 | Elf:3    | XOM: chaos upgrade
 48543 | Elf:3    | XOM: confuse monster(s)
 48556 | Elf:3    | XOM: 2-stop teleportation journey
 48561 | Elf:3    | XOM: enchant monster (bad)
 48581 | Elf:3    | XOM: swap monsters
 48583 | Elf:3    | XOM: divination: detect creatures
 48671 | Elf:3    | Got Dokkyni's Handbook of the Gastropod
 48704 | Elf:3    | XOM: cast spell 'Olgreb's Toxic Radiance'
 48708 | Elf:3    | XOM: fog
 49043 | Elf:3    | Identified the staff of Hagurche {rN+ Necro Alchemy}
 49060 | Elf:3    | Identified the +3 longbow of Dyteitow {heavy, rPois Will+
                  | Dex+4}
 49418 | D:13     | XOM: god gift: potion of degeneration
 49461 | Vaults:1 | Entered Level 1 of the Vaults
 49633 | D:6      | Fell from the grace of Xom
 49633 | D:6      | Became a worshipper of Uskayaw the Reveller
 49894 | Vaults:1 | Reached * piety under Uskayaw
 49939 | Vaults:1 | Found a crumbling gateway.
 49947 | Desolati | Entered the Desolation of Salt
 49954 | Desolati | Reached ** piety under Uskayaw
 49988 | Desolati | Reached *** piety under Uskayaw
 49999 | Desolati | Reached **** piety under Uskayaw
 50007 | Desolati | Reached ***** piety under Uskayaw
 50018 | Desolati | Reached skill level 1 in Invocations
 50095 | Desolati | Found the +0 mask of the Dragon {Will+ Slay+3 SInv}
 50144 | Desolati | Identified the amulet of Wulo {Spirit Str+2}
 50166 | Desolati | Identified the ring "Pilaa" {Wiz Will++}
 50224 | Desolati | Reached XP level 21. HP: 234/245 MP: 21/21
 50277 | Desolati | Reached skill level 5 in Invocations
 50295 | Desolati | Identified the ring of the Barracuda {rElec rF+ Str-5
                  | Int+3}
 50449 | Desolati | XOM: 3-stop teleportation journey
 50470 | Desolati | Killed from afar by a servant of whispers

Illustrated notes

##........##.....#
#........####....#
#........####....##
#.........##......#
#.....##......##..#
#......###..###...#
..........####...#.#
...................#
............@...###
#######.#.## #.#.#
#.#.# #.#.# ....#
...## #.. ..


Turn 4028 on D:3: lmaooo ........# ........# ........# ........# .....H..#
........###### ..>..........### ...)...@V....#<# ......B......#)#
........######.# ##.##.### #.# # #. #.# ##.### #)# #....####.# #...##.#########
##'########.(........... Turn 18389 on D:12: "Xom thinks this is hilarious!"

Levels and vault maps discovered:
D:1:      wheals_arrival_linesprint, layout_basic, minmay_tree_intersection
D:2:      layout_basic, nicolae_ecumenical_snake_handling, serial_shops, shop,
          uniq_robin
D:3:      layout_basic, mainiacjoe_overflow_tiny_flanked, minmay_misc_feat_iff
D:4:      layout_basic, nemelex_diamond_rough_becter,
          minmay_temple_entry_junction_2, serial_shops,
          nicolae_shop_just_a_little_nook, shop,
          nicolae_shop_bloodbath_and_beyond, shop, nicolae_shop_rolling_square,
          uniq_natasha, uniq_crazy_yiuf_cottage
D:5:      layout_rooms, serial_shops, shop, uniq_menkaure
D:6:      layout_loops_cross, eat_drink_and_be_merry_uskayaw
D:7:      layout_basic, uniq_pikel, uniq_maggie, uniq_duvessa
D:8:      layout_cave_pools, nicolae_ru_the_path_less_chosen,
          jmf_multi_god_temple, hellmonk_ghost_happy_afterlife
D:9:      layout_rooms, erik_orc_1, enter_bailey_2, uniq_maurice
D:10:     layout_roguey, lair_entry_dummy, st_stairs_14
D:11:     layout_irregular_city, serial_undead, serial_undead_d,
          serial_undead_e, serial_undead_f, serial_undead_c,
          hangedman_abyss_or_decor_passed, hangedman_misty_isle
D:12:     layout_basic, lemuel_another_geyser, uniq_nergalle
D:13:     layout_gridville, portal_ice_cave_entry_ice_simulacra,
          gauntlet_entry_generic
D:14:     layout_basic, erik_vaults_2, okawaru_ov_weapons_minmay, serial_shops,
          shop, nicolae_shop_advertising_works [nicolae_subvault_shop_adworks],
          nicolae_shop_tiny_waterfront, nicolae_stop_n_shop_2,
          minmay_statues_item
D:15:     hellmonk_depths_entry_around_the_bend, layout_rooms
Lair:1:   gammafunk_boulding_lane, layout_regular_city, lemuel_fruit_fields,
          serial_bayou_shore_a
Lair:2:   layout_hall_layers, swamp_mist
Lair:3:   nzn_winding_woodlands_cross [nzn_winding_woodlands_5x15_parted,
          nzn_winding_woodlands_5x15_lazy_stream,
          nzn_winding_woodlands_5x15_pool,
          nzn_winding_woodlands_5x15_river_crossing,
          nzn_winding_woodlands_15x15_five_gardens], layout_cave_pods,
          minmay_snake_entry_six_corridors
Lair:4:   layout_gridlike, nicolae_slime_entry_field_trip, lookout_lair_type,
          lemuel_fruit_tree, grunt_megastairs_2
Lair:5:   evil_forest, layout_layer_cave, gammafunk_lair_bear_cave,
          infiniplex_staircase_pool_2
Swamp:1:  layout_falls_marsh, evilmike_swamp_ruin_house_5,
          nicolae_swamp_some_circles, nicolae_swamp_alligator_family,
          infiniplex_staircase_pool
Swamp:2:  layout_falls_marsh, gammafunk_ghost_wrathful_warriors,
          nicolae_swamp_dense_foliage
Swamp:3:  layout_falls_marsh, hangedman_swamp_blocks
Swamp:4:  swamp_basic_johnstein, layout_basic_swamp
Snake:1:  layout_layer_cave, grunt_megastairs_1, uniq_nikola
Snake:2:  layout_cave_town, basic_altar, uniq_aizul
Snake:3:  layout_rooms, nicolae_integral_box, minmay_shoptagon, uniq_roxanne
Snake:4:  grunt_snake_rune_serpentine_throne, layout_cave_town,
          nrook_loot_triangle, drop_trap, st_stairs_7
Orc:1:    layout_diamond_mine, nicolae_orc_lava_room
Orc:2:    grunt_orc_tribal_feast, layout_caves, serial_shops, shop,
          ebering_ghost_rock_garden
Elf:1:    eino_elf_arrival_customs, layout_gridlike, ebering_ghost_rock_garden,
          basic_altar, nicolae_elf_blasts_and_bolts, grunt_ministairs_2,
          lemuel_upstairs_altar
Elf:2:    nicolae_elf_blades_splatter_lattice
          [nicolae_blade_entry_area_security], layout_gridlike, serial_shops,
          shop_fountains, nicolae_shop_i_like_big_books
Elf:3:    elf_hall_gauntlet_narrow, layout_geoelf_diagonals
Vaults:1: portal_desolation_entry_nicolae_nacl, ontoclasm_vaults_twist,
          nicolae_vaults_sesquioval_fish, nicolae_vaults_double_plus_1,
          vaults_dpeg_hooks, dpeg_vaults_monster_box, nicolae_vaults_network_s,
          nicolae_vaults_trapezoid_3, ontoclasm_vaults_bender, v_misc_30,
          v_misc_23, nicolae_vaults_taking_the_gang_shopping,
          layout_vaults_omnicross
Desolation

Skill      XL: |  1  2  3  4  5  6  7  8  9 10 11 12 13 14 15 16 17 18 19 20 21 |
---------------+----------------------------------------------------------------+-----
Fighting       | 5 6 7 8 10 12 14 15 16 18 20 22 | 22.0
Maces & Flails | 4 6 8 10 12 | 12.3
Stealth        | 1 2 3 7 8 |  8.0
Shields        | 2 4 8 10 12 | 12.0
Throwing       | 2 4 5 6 10 | 10.0
Evocations     | 4 8 |  8.2
Dodging        | 3 7 8 10 11 | 11.1
Armour         | 3 8 9 11 12 | 12.0
Axes           | 11 12 16 | 16.5
Invocations    | 4 7 |  7.0

Action                     |  1- 3 |  4- 6 |  7- 9 | 10-12 | 13-15 | 16-18 | 19-21 || total
---------------------------+-------+-------+-------+-------+-------+-------+-------++-------
  Melee: Mace              |   120 |    62 |   133 |   133 |       |       |       ||   448
         Headbutt          |    13 |    18 |    19 |    63 |   133 |   290 |   211 ||   747
         Whip              |       |    85 |     1 |       |       |       |       ||    86
         Morningstar       |       |       |       |   159 |    25 |    23 |    64 ||   271
         Broad axe         |       |       |       |    33 |   644 |  1173 |   759 ||  2609
         Kick              |       |       |       |       |     4 |       |       ||     4
  Throw: Stone             |    16 |    14 |    19 |     9 |       |       |       ||    58
         Large rock        |       |     4 |    28 |    49 |   120 |   152 |   135 ||   488
         Dart              |       |     2 |    13 |    13 |       |       |       ||    28
         Boomerang         |       |       |       |    25 |     7 |       |    18 ||    50
         Throwing net      |       |       |       |     1 |       |       |       ||     1
         Javelin           |       |       |       |       |       |       |     2 ||     2
 Invoke: Line Pass         |       |       |       |       |       |       |     1 ||     1
         Grand Finale      |       |       |       |       |       |       |     1 ||     1
  Evoke: Wand              |       |     3 |     3 |    16 |     2 |       |     3 ||    27
         Lightning rod     |       |     2 |       |       |       |       |     2 ||     4
         Box of beasts     |       |       |       |       |       |     1 |     2 ||     3
    Use: Scroll            |     1 |     5 |     6 |     7 |     3 |    13 |    19 ||    54
         Potion            |       |       |       |     7 |       |     8 |    21 ||    36
   Stab: Sleeping          |     1 |       |       |     3 |     1 |     5 |     8 ||    18
         Confused          |       |       |     1 |       |     5 |     7 |       ||    13
         Petrified         |       |       |     1 |       |       |       |       ||     1
         Invisible         |       |       |       |       |    10 |     7 |     1 ||    18
         Distracted        |       |       |       |       |       |     2 |       ||     2
         Petrifying        |       |       |       |       |       |     2 |       ||     2
         Paralysed         |       |       |       |       |       |       |    20 ||    20
 Armour: Robe              |    65 |    51 |    22 |       |       |       |       ||   138
         Steam dragon scal |       |       |    21 |   184 |   237 |   134 |       ||   576
         Troll leather arm |       |       |       |       |       |   417 |   425 ||   842
  Dodge: Dodged            |    57 |    29 |    21 |    55 |    93 |   196 |   161 ||   612
  Block: Kite shield       |    13 |    62 |    86 |   308 |   403 |   903 |   615 ||  2390
         Reflection        |       |       |     5 |     9 |       |   114 |    53 ||   181

Table legend: (Time is in decaauts)
 A = Elapsed time spent in this place.
 B = Non-inter-level travel time spent in this place.
 C = Inter-level travel time spent in this place.
 D = Time resting spent in this place.
 E = Time spent auto-exploring this place.
 F = Levels seen in this place.
 G = Mean time per level.
                   A        B        C        D        E       F      G
               +--------+--------+--------+--------+--------+-----+--------+
         Total |  49886 |  45456 |   4430 |  11072 |  21431 |  37 | 1348.3 |
       Dungeon |  23697 |  20902 |   2795 |   5816 |   9164 |  15 | 1579.8 |
          Lair |   7601 |   7078 |    523 |   1421 |   3935 |   5 | 1520.2 |
         Swamp |   4771 |   4380 |    391 |    773 |   2317 |   4 | 1192.8 |
     Snake Pit |   5468 |   5284 |    184 |   1187 |   2723 |   4 | 1367.0 |
  Orcish Mines |   1276 |   1124 |    152 |    129 |    645 |   2 |  638.0 |
   Elven Halls |   5036 |   4652 |    384 |    989 |   2276 |   3 | 1678.7 |
        Vaults |    114 |    114 |      0 |     38 |      0 |   1 |  114.0 |
        Bailey |    625 |    625 |      0 |    279 |     55 |   1 |  625.0 |
    Desolation |    468 |    468 |      0 |      7 |    127 |   1 |  468.0 |
      Gauntlet |    826 |    826 |      0 |    431 |    188 |   1 |  826.0 |
               +--------+--------+--------+--------+--------+-----+--------+

Top non-repeatable levels by time:
     D:8: 3579 daAuts
  Lair:5: 2561 daAuts
    D:11: 2018 daAuts
  Lair:3: 2012 daAuts
     D:3: 1974 daAuts
   Elf:3: 1928 daAuts
     D:2: 1873 daAuts
 Swamp:1: 1765 daAuts
   Elf:2: 1736 daAuts
 Snake:1: 1686 daAuts
     D:4: 1675 daAuts
    D:14: 1518 daAuts
    D:12: 1462 daAuts
 Snake:4: 1428 daAuts
     D:7: 1417 daAuts
